| TOP OF THE 1ST |
|
Grand Junction Rockies batting - Pitching for Bristol Pirates : RHP Luis Flores
|
|
Pitching: RHP Luis Flores
|
|
|
Batting: SHB Rich McDonald
|
0-0: Ball 1-0: Called Strike 1-1: Called Strike 1-2: Ball 2-2: Strikes out swinging
|
|
Batting: RHB Edwin Bejarano
|
0-0: Called Strike 0-1: Ball 1-1: Ball 2-1: Ball 3-1: Called Strike 3-2: Foul Ball, location: 2F 3-2: Foul Ball, location: 2F 3-2: Foul Ball, location: 2F 3-2: SINGLE (Groundball, 56D, EV 103.1 MPH)
|
|
Batting: RHB Ryan Ward
|
0-0: Called Strike 0-1: Swinging Strike 0-2: Ball 1-2: Strikes out swinging
|
|
Batting: RHB Justin Garrett
|
0-0: Called Strike 0-1: Foul Ball, location: 2F 0-2: DOUBLE (Line Drive, 89D, EV 109.4 MPH) Edwin Bejarano to third Runner from 3rd tries for Home, SAFE, no throw by RF
|
|
Batting: RHB Ivan Castaneda
|
0-0: Ball 1-0: Foul Ball, location: 2F 1-1: Ball 2-1: Foul Ball, location: 2F 2-2: 2-RUN HOME RUN (Flyball, 9LD, EV 95.0 MPH), Distance : 329 ft
|
|
Batting: SHB J.D. Newman
|
0-0: Called Strike 0-1: Ball 1-1: Ground out 4-3 (Groundball, 4S, EV 91.9 MPH)
|
| Top of the 1st over - 3 runs, 3 hits, 0 errors, 0 left on base; Grand Junction 3 - Bristol 0 |
| BOTTOM OF THE 1ST |
|
Bristol Pirates batting - Pitching for Grand Junction Rockies : LHP Omar Samario
|
|
Pitching: LHP Omar Samario
|
|
|
Batting: RHB Alex Arzate
|
0-0: Ball 1-0: Foul Ball, location: 2F 1-1: Ball 2-1: DOUBLE (Line Drive, 89XD, EV 103.8 MPH)
|
|
Batting: RHB Ricky Alvarado
|
0-0: Ball Wild Pitch! Alex Arzate to third 1-0: Foul Ball, location: 2F 1-1: Fly out, F9 (Flyball, 89D, EV 86.2 MPH) Runner from 3rd tags up, SCORES, no throw by RF
|
|
Batting: RHB Melvin Durland
|
0-0: Ball 1-0: Called Strike 1-1: Ball 2-1: Foul Ball, location: 2F 2-2: Ball 3-2: Foul Ball, location: 2F 3-2: SOLO HOME RUN (Flyball, 9D, EV 91.2 MPH), Distance : 348 ft
|
|
Batting: RHB Hector Barajas
|
0-0: SINGLE (Groundball, 56D, EV 105.0 MPH)
|
|
Batting: LHB Dustin Herman
|
0-0: Ball 1-0: Ball Passed Ball! Hector Barajas to second 2-0: Ball Passed Ball! Hector Barajas to third 3-0: Called Strike 3-1: Ground out 4-3 (Groundball, 34, EV 111.2 MPH) Hector Barajas scores
|
|
Batting: RHB Steve Terres
|
0-0: Ball 1-0: Foul Ball, location: 2F 1-1: Called Strike 1-2: TRIPLE (Groundball, 3L, EV 96.9 MPH)
|
|
Batting: RHB Hidesuke Yoshida
|
0-0: Called Strike 0-1: Called Strike 0-2: Foul Ball, location: 2F 0-2: Strikes out looking
|
| Bottom of the 1st over - 3 runs, 4 hits, 0 errors, 1 left on base; Grand Junction 3 - Bristol 3 |
| TOP OF THE 2ND |
|
Grand Junction Rockies batting - Pitching for Bristol Pirates : RHP Luis Flores
|
|
Batting: RHB Xavier Williams
|
0-0: Ball 1-0: Ball 2-0: Ball 3-0: Base on Balls
|
|
Batting: RHB Tom Gentry
|
0-0: Grounds into double play, 5-4-3 (Groundball, 56, EV 90.6 MPH)
|
|
Batting: LHB Rich Rauda
|
0-0: Called Strike 0-1: Foul Ball, location: 2F 0-2: Ground out U3 (Groundball, 3S, EV 68.1 MPH)
|
| Top of the 2nd over - 0 runs, 0 hits, 0 errors, 0 left on base; Grand Junction 3 - Bristol 3 |
| BOTTOM OF THE 2ND |
|
Bristol Pirates batting - Pitching for Grand Junction Rockies : LHP Omar Samario
|
|
Batting: RHB Ryan LeSueur
|
0-0: Called Strike 0-1: Ball 1-1: Fly out, F8 (Line Drive, 8LM, EV 100.0 MPH)
|
|
Batting: SHB Juan Ayala
|
0-0: Ball 1-0: Foul Ball, location: 2F 1-1: Foul Ball, location: 2F 1-2: Strikes out swinging
|
|
Batting: RHB Alex Arzate
|
0-0: Hit by Pitch
|
|
Batting: RHB Ricky Alvarado
|
0-0: Ball 1-0: Fielders Choice at 2nd, 6-4 (Groundball, 56D, EV 85.0 MPH)
|
| Bottom of the 2nd over - 0 runs, 0 hits, 0 errors, 1 left on base; Grand Junction 3 - Bristol 3 |
| TOP OF THE 3RD |
|
Grand Junction Rockies batting - Pitching for Bristol Pirates : RHP Luis Flores
|
|
Batting: SHB Rich McDonald
|
0-0: Foul Ball, location: 2F 0-1: Ball 1-1: Swinging Strike 1-2: Ball 2-2: Ball 3-2: Base on Balls
|
|
Batting: RHB Edwin Bejarano
|
0-0: Ball 1-0: Reached on error, E6 (Groundball, 6, EV 89.4 MPH) Rich McDonald to second
|
|
Batting: RHB Ryan Ward
|
0-0: Foul Ball, location: 2F 0-1: Fly out, F8 (Flyball, 8LXD, EV 98.8 MPH) Runner from 2nd tags up, SAFE at 3rd, no throw by CF
|
|
Batting: RHB Justin Garrett
|
0-0: Called Strike 0-1: Called Strike 0-2: Foul Ball, location: 2F 0-2: Strikes out looking
|
|
Batting: RHB Ivan Castaneda
|
0-0: Ball 1-0: SINGLE (Groundball, 6MD, EV 106.2 MPH) Rich McDonald scores Edwin Bejarano to second
|
|
Batting: SHB J.D. Newman
|
0-0: Ball 1-0: Called Strike 1-1: Ball 2-1: Ball 3-1: Foul Ball, location: 2F 3-2: Strikes out swinging
|
| Top of the 3rd over - 1 run, 1 hit, 1 error, 2 left on base; Grand Junction 4 - Bristol 3 |
| BOTTOM OF THE 3RD |
|
Bristol Pirates batting - Pitching for Grand Junction Rockies : LHP Omar Samario
|
|
Batting: RHB Melvin Durland
|
0-0: Foul Ball, location: 2F 0-1: SINGLE (Groundball, 6MD, EV 104.4 MPH)
|
|
Batting: RHB Hector Barajas
|
0-0: Foul Ball, location: 2F 0-1: Called Strike Melvin Durland is caught stealing 2nd base 2-4 0-2: Strikes out swinging
|
|
Batting: LHB Dustin Herman
|
0-0: Foul Ball, location: 2F 0-1: SINGLE (Flyball, 4D, EV 83.8 MPH)
|
|
Batting: RHB Steve Terres
|
0-0: Ball Wild Pitch! Dustin Herman to second 1-0: Ball 2-0: Ball 3-0: Base on Balls
|
|
Batting: RHB Hidesuke Yoshida
|
0-0: Ball 1-0: Ball 2-0: Called Strike 2-1: Foul Ball, location: 2F 2-2: Strikes out swinging
|
| Bottom of the 3rd over - 0 runs, 2 hits, 0 errors, 2 left on base; Grand Junction 4 - Bristol 3 |
| TOP OF THE 4TH |
|
Grand Junction Rockies batting - Pitching for Bristol Pirates : RHP Luis Flores
|
|
Batting: RHB Xavier Williams
|
0-0: Called Strike 0-1: Foul Ball, location: 2F 0-2: Ball 1-2: Ball 2-2: Strikes out swinging
|
|
Batting: RHB Tom Gentry
|
0-0: Called Strike 0-1: Fly out, F8 (Flyball, 8LD, EV 91.9 MPH)
|
|
Batting: LHB Rich Rauda
|
0-0: Called Strike 0-1: Ball 1-1: Ball 2-1: Foul Ball, location: 2F 2-2: Strikes out swinging
|
| Top of the 4th over - 0 runs, 0 hits, 0 errors, 0 left on base; Grand Junction 4 - Bristol 3 |
| BOTTOM OF THE 4TH |
|
Bristol Pirates batting - Pitching for Grand Junction Rockies : LHP Omar Samario
|
|
Batting: RHB Ryan LeSueur
|
0-0: Ball 1-0: Foul Ball, location: 2F 1-1: Called Strike 1-2: SINGLE (Line Drive, 89S, EV 100.6 MPH)
|
|
Batting: SHB Juan Ayala
|
0-0: Fielders Choice at 2nd, 4-6 (Groundball, 4, EV 102.5 MPH)
|
|
Batting: RHB Alex Arzate
|
0-0: Foul Ball, location: 2F 0-1: Ball 1-1: Foul Ball, location: 2F 1-2: Ball 2-2: Foul Ball, location: 2F 2-2: Ball 3-2: 2-RUN HOME RUN (Flyball, 78XD, EV 102.5 MPH), Distance : 403 ft
|
|
Batting: RHB Ricky Alvarado
|
0-0: Fly out, F7 (Flyball, 78M, EV 84.4 MPH)
|
|
Batting: RHB Melvin Durland
|
0-0: Called Strike 0-1: Ball 1-1: Ball 2-1: Foul Ball, location: 2F 2-2: Fly out, F1 (Line Drive, P, EV 66.2 MPH)
|
| Bottom of the 4th over - 2 runs, 2 hits, 0 errors, 0 left on base; Grand Junction 4 - Bristol 5 |
| TOP OF THE 5TH |
|
Grand Junction Rockies batting - Pitching for Bristol Pirates : RHP Luis Flores
|
|
Batting: SHB Rich McDonald
|
0-0: Ground out 1-3 (Groundball, 34S, EV 71.2 MPH)
|
|
Batting: RHB Edwin Bejarano
|
0-0: Called Strike 0-1: Swinging Strike 0-2: Ball 1-2: Ball 2-2: Ball 3-2: Fly out, F8 (Flyball, 8LD, EV 101.2 MPH)
|
|
Batting: RHB Ryan Ward
|
0-0: SINGLE (Line Drive, 6D, EV 95.0 MPH)
|
|
Batting: RHB Justin Garrett
|
0-0: Hit by Pitch Ryan Ward to second
|
|
Pitching: RHP Randy Nelligan
|
|
|
Batting: RHB Ivan Castaneda
|
0-0: Ball 1-0: Ball 2-0: Ball 3-0: Base on Balls Ryan Ward to third Justin Garrett to second
|
|
Batting: SHB J.D. Newman
|
0-0: Fielders Choice at 2nd, 6-4 (Groundball, 56D, EV 109.4 MPH)
|
| Top of the 5th over - 0 runs, 1 hit, 0 errors, 3 left on base; Grand Junction 4 - Bristol 5 |
| BOTTOM OF THE 5TH |
|
Bristol Pirates batting - Pitching for Grand Junction Rockies : LHP Omar Samario
|
|
Batting: RHB Hector Barajas
|
0-0: Ball 1-0: Ball 2-0: SOLO HOME RUN (Line Drive, 7D, EV 104.4 MPH), Distance : 406 ft
|
|
Batting: LHB Dustin Herman
|
0-0: Ball 1-0: Swinging Strike 1-1: Ball 2-1: Ball 3-1: Base on Balls
|
|
Batting: RHB Steve Terres
|
0-0: Called Strike 0-1: Called Strike 0-2: Ball Wild Pitch! Dustin Herman to second 1-2: 2-RUN HOME RUN (Flyball, 7LD, EV 93.8 MPH), Distance : 338 ft
|
|
Pitching: LHP Mike Pierce
|
|
|
Batting: RHB Hidesuke Yoshida
|
0-0: Called Strike 0-1: Ball 1-1: Foul Ball, location: 2F 1-2: Ball 2-2: Strikes out looking
|
|
Batting: RHB Ryan LeSueur
|
0-0: Called Strike 0-1: SOLO HOME RUN (Flyball, 78XD, EV 111.2 MPH), Distance : 423 ft
|
|
Batting: SHB Juan Ayala
|
0-0: Foul Ball, location: 2F 0-1: Ball 1-1: Ball 2-1: Foul Ball, location: 2F 2-2: Fly out, F9 (Flyball, 9D, EV 106.9 MPH)
|
|
Batting: RHB Alex Arzate
|
0-0: Called Strike 0-1: Ball 1-1: Ball 2-1: Foul Ball, location: 2F 2-2: Strikes out swinging
|
| Bottom of the 5th over - 4 runs, 3 hits, 0 errors, 0 left on base; Grand Junction 4 - Bristol 9 |
| TOP OF THE 6TH |
|
Grand Junction Rockies batting - Pitching for Bristol Pirates : RHP Randy Nelligan
|
|
Batting: RHB Xavier Williams
|
0-0: Swinging Strike 0-1: Swinging Strike 0-2: Strikes out looking
|
|
Batting: RHB Tom Gentry
|
0-0: Called Strike 0-1: Called Strike 0-2: Strikes out swinging
|
|
Batting: LHB Rich Rauda
|
0-0: Called Strike 0-1: Ball 1-1: Called Strike 1-2: Strikes out swinging
|
| Top of the 6th over - 0 runs, 0 hits, 0 errors, 0 left on base; Grand Junction 4 - Bristol 9 |
| BOTTOM OF THE 6TH |
|
Bristol Pirates batting - Pitching for Grand Junction Rockies : LHP Mike Pierce
|
|
Batting: RHB Ricky Alvarado
|
0-0: Called Strike 0-1: Ball 1-1: Ball 2-1: Foul Ball, location: 2F 2-2: Strikes out swinging
|
|
Batting: RHB Melvin Durland
|
0-0: Called Strike 0-1: Ball 1-1: Ball 2-1: Ball 3-1: Called Strike 3-2: SOLO HOME RUN (Flyball, 9D, EV 98.1 MPH), Distance : 361 ft
|
|
Batting: RHB Hector Barajas
|
0-0: Called Strike 0-1: Ball 1-1: Foul Ball, location: 2F 1-2: Ball 2-2: Foul Ball, location: 2F 2-2: Ball 3-2: Foul Ball, location: 2F 3-2: Base on Balls
|
|
Batting: LHB Dustin Herman
|
0-0: Ball Passed Ball! Hector Barajas to second 1-0: Ball 2-0: Ball 3-0: Called Strike 3-1: 2-RUN HOME RUN (Flyball, 9D, EV 95.0 MPH), Distance : 358 ft
|
|
Batting: RHB Steve Terres
|
0-0: Called Strike 0-1: Ball 1-1: Called Strike 1-2: Strikes out swinging
|
|
Batting: RHB Hidesuke Yoshida
|
0-0: Called Strike 0-1: Swinging Strike 0-2: Strikes out swinging
|
| Bottom of the 6th over - 3 runs, 2 hits, 0 errors, 0 left on base; Grand Junction 4 - Bristol 12 |
| TOP OF THE 7TH |
|
Grand Junction Rockies batting - Pitching for Bristol Pirates : RHP Randy Nelligan
|
|
Batting: SHB Rich McDonald
|
0-0: Ball 1-0: Ball 2-0: Foul Ball, location: 2F 2-1: Ball 3-1: Foul Ball, location: 2F 3-2: Base on Balls
|
|
Batting: RHB Edwin Bejarano
|
0-0: Called Strike Rich McDonald steals 2nd base (no throw) 0-1: Fly out, F3 (Popup, 34, EV 79.4 MPH)
|
|
Batting: RHB Ryan Ward
|
0-0: Called Strike 0-1: Ball Wild Pitch! Rich McDonald to third 1-1: Ground out 5-3 (Groundball, 56S, EV 71.2 MPH) Rich McDonald scores
|
|
Batting: RHB Justin Garrett
|
0-0: Ball 1-0: Foul Ball, location: 2F 1-1: Foul Ball, location: 2F 1-2: Ball 2-2: Fly out, F8 (Flyball, 8RD, EV 76.9 MPH)
|
| Top of the 7th over - 1 run, 0 hits, 0 errors, 0 left on base; Grand Junction 5 - Bristol 12 |
| BOTTOM OF THE 7TH |
|
Bristol Pirates batting - Pitching for Grand Junction Rockies : LHP Mike Pierce
|
|
Batting: RHB Ryan LeSueur
|
0-0: Ball 1-0: Called Strike 1-1: Ball 2-1: Ball 3-1: SINGLE (Flyball, 4D, EV 85.6 MPH)
|
|
Batting: SHB Juan Ayala
|
0-0: Swinging Strike 0-1: Ball Passed Ball! Ryan LeSueur to second 1-1: Ball 2-1: Ball 3-1: Foul Ball, location: 2F 3-2: DOUBLE (Line Drive, 7LM, EV 103.1 MPH) Ryan LeSueur scores
|
|
Batting: RHB Alex Arzate
|
0-0: Ball Passed Ball! Juan Ayala to third 1-0: Foul Ball, location: 2F 1-1: Foul Ball, location: 2F 1-2: Ball 2-2: Strikes out swinging
|
|
Batting: RHB Ricky Alvarado
|
0-0: SINGLE (Groundball, 34, EV 98.8 MPH) Juan Ayala scores
|
|
Batting: RHB Melvin Durland
|
0-0: 2-RUN HOME RUN (Flyball, 78XD, EV 99.4 MPH), Distance : 420 ft
|
|
Pitching: RHP Oscar Barahona
|
|
|
Batting: RHB Hector Barajas
|
0-0: Ball 1-0: Ball 2-0: Ball 3-0: SOLO HOME RUN (Flyball, 78XD, EV 103.8 MPH), Distance : 407 ft
|
|
Batting: LHB Dustin Herman
|
0-0: Fly out, F7 (Flyball, 7S, EV 82.5 MPH)
|
|
Batting: RHB Steve Terres
|
0-0: Ball 1-0: Called Strike 1-1: Ground out 6-3 (Groundball, 6, EV 88.8 MPH)
|
| Bottom of the 7th over - 5 runs, 5 hits, 0 errors, 0 left on base; Grand Junction 5 - Bristol 17 |
| TOP OF THE 8TH |
|
Grand Junction Rockies batting - Pitching for Bristol Pirates : RHP Randy Nelligan
|
|
Batting: RHB Ivan Castaneda
|
0-0: Called Strike 0-1: Ball 1-1: Foul Ball, location: 2F 1-2: Strikes out looking
|
|
Pitching: RHP Onne Stubbe
|
|
|
Batting: SHB J.D. Newman
|
0-0: Ball 1-0: Ball 2-0: Foul Ball, location: 2F 2-1: Ball 3-1: Hit by Pitch
|
|
Batting: RHB Xavier Williams
|
0-0: Fielders Choice at 2nd, 3-6 (Groundball, 3S, EV 83.8 MPH)
|
|
Batting: RHB Tom Gentry
|
0-0: Fielders Choice at 2nd, 6-4 (Groundball, 6, EV 83.1 MPH)
|
| Top of the 8th over - 0 runs, 0 hits, 0 errors, 1 left on base; Grand Junction 5 - Bristol 17 |
| BOTTOM OF THE 8TH |
|
Bristol Pirates batting - Pitching for Grand Junction Rockies : RHP Oscar Barahona
|
|
Batting: RHB Hidesuke Yoshida
|
0-0: Called Strike 0-1: Called Strike 0-2: Foul Ball, location: 2F 0-2: Foul Ball, location: 2F 0-2: Strikes out swinging
|
|
Batting: RHB Ryan LeSueur
|
0-0: Ball 1-0: Foul Ball, location: 2F 1-1: Called Strike 1-2: Ball 2-2: Foul Ball, location: 2F 2-2: Strikes out looking
|
|
Batting: SHB Juan Ayala
|
0-0: Ball 1-0: Called Strike 1-1: Ball 2-1: Foul Ball, location: 2F 2-2: Strikes out swinging
|
| Bottom of the 8th over - 0 runs, 0 hits, 0 errors, 0 left on base; Grand Junction 5 - Bristol 17 |
| TOP OF THE 9TH |
|
Grand Junction Rockies batting - Pitching for Bristol Pirates : RHP Onne Stubbe
|
|
Pinch Hitting: RHB Wali Mulogo
|
0-0: Ball 1-0: Foul Ball, location: 2F 1-1: Called Strike 1-2: Ground out 6-3 (Groundball, 6, EV 84.4 MPH)
|
|
Batting: SHB Rich McDonald
|
0-0: Ball 1-0: Swinging Strike 1-1: Foul Ball, location: 2F 1-2: Ground out 6-3 (Groundball, 6M, EV 105.0 MPH)
|
|
Batting: RHB Edwin Bejarano
|
0-0: Ground out 5-3 (Groundball, 56, EV 90.6 MPH)
|
| Top of the 9th over - 0 runs, 0 hits, 0 errors, 0 left on base; Grand Junction 5 - Bristol 17 |
|